[ AOE2 MATCH · #463500461 ]
Team RMShu vs Slavs
[ REPLAY ANALYSIS · EXTRACTED FROM THE RECORDED GAME ]
Feudal
7:12
Castle
10:43
Imperial
24:34
| APM avg | 41.1 |
| APM peak | 84 |
| eAPM avg | 23.3 |
| Villagers / military | 169 / 213 |
Focus
⚔️ 33.9% · 🌾 66.1%
Archer ×204 · Battering Ram ×7 · Unknown (1959) ×5 · Monk ×2 · Unknown (1966) ×1
Feudal
7:40
Castle
11:17
Imperial
23:27
| APM avg | 47.6 |
| APM peak | 91 |
| eAPM avg | 24.2 |
| Villagers / military | 148 / 154 |
Focus
⚔️ 28.4% · 🌾 71.6%
Leitis ×146 · Trade Cart ×4 · Monk ×3 · Battering Ram ×3 · Mangonel ×2
Feudal
8:03
Castle
11:33
Imperial
24:13
| APM avg | 38.1 |
| APM peak | 78 |
| eAPM avg | 22.6 |
| Villagers / military | 166 / 152 |
Focus
⚔️ 36.6% · 🌾 63.4%
Longbowman ×142 · Trade Cart ×23 · Trebuchet (Packed) ×10
Feudal
7:11
Castle
10:49
Imperial
23:50
| APM avg | 32.5 |
| APM peak | 50 |
| eAPM avg | 22.9 |
| Villagers / military | 111 / 190 |
Focus
⚔️ 32.9% · 🌾 67.1%
Spearman ×175 · Bombard Cannon ×14 · Monk ×1
Feudal
8:02
Castle
11:45
Imperial
23:38
| APM avg | 34.2 |
| APM peak | 64 |
| eAPM avg | 20.5 |
| Villagers / military | 125 / 112 |
Focus
⚔️ 32.2% · 🌾 67.8%
Hand Cannoneer ×82 · Trade Cart ×41 · Bombard Cannon ×18 · Battering Ram ×5 · Monk ×4 · Coustillier ×3
Feudal
8:52
Castle
12:25
Imperial
26:25
| APM avg | 32.1 |
| APM peak | 84 |
| eAPM avg | 19.7 |
| Villagers / military | 124 / 182 |
Focus
⚔️ 33.0% · 🌾 67.0%
Fire Lancer ×146 · Spearman ×21 · Battering Ram ×12 · Monk ×2 · Scout Cavalry ×1 · Unknown (1908) ×1
Feudal
8:01
Castle
11:31
Imperial
24:29
| APM avg | 64.7 |
| APM peak | 119 |
| eAPM avg | 40.3 |
| Villagers / military | 176 / 181 |
Focus
⚔️ 53.6% · 🌾 46.4%
Boyar ×181 · Trade Cart ×48
Feudal
7:40
Castle
11:16
Imperial
23:46
| APM avg | 34.0 |
| APM peak | 71 |
| eAPM avg | 26.2 |
| Villagers / military | 190 / 139 |
Focus
⚔️ 25.7% · 🌾 74.3%
Knight ×103 · Scout Cavalry ×30 · Petard ×3 · Trebuchet (Packed) ×2 · Teutonic Knight ×1
Match map
Initial resources + every placement click. Lines = walls · curves = elevation contours. ◆ gold · ⬟ stone · ● berries · ✦ relic · ◌ wall gap
Inputs per minute
— Bodkin Arrow - - Niroxs
Build order — Bodkin Arrow
First 150 of 445 actions detected
| 0:02 | Create | Villager (Male) ×4 |
| 0:04 | Build | Mill |
| 0:40 | Build | Lumber Camp |
| 0:55 | Create | Villager (Male) |
| 1:56 | Create | Villager (Male) |
| 1:56 | Create | Villager (Male) |
| 2:23 | Create | Villager (Male) |
| 2:24 | Create | Villager (Male) |
| 2:24 | Create | Villager (Male) |
| 2:41 | Create | Villager (Male) |
| 2:51 | Create | Villager (Male) |
| 3:58 | Create | Villager (Male) |
| 4:15 | Build | Mining Camp |
| 4:23 | Build | Farm |
| 4:26 | Build | Farm |
| 4:47 | Research | Feudal Age |
| 6:45 | Create | Villager (Male) |
| 6:46 | Create | Villager (Male) |
| 7:12 | Age | Feudal Age |
| 7:14 | Build | Market |
| 7:19 | Build | Blacksmith |
| 8:03 | Research | Castle Age |
| 8:04 | Research | Castle Age |
| 8:31 | Research | Horse Collar |
| 8:33 | Build | Farm |
| 9:01 | Research | Double-Bit Axe |
| 9:43 | Create | Villager (Male) |
| 10:43 | Age | Castle Age |
| 10:52 | Build | Town Center |
| 11:02 | Build | Town Center |
| 11:05 | Create | Villager (Male) |
| 11:23 | Create | Villager (Male) |
| 11:37 | Research | Bow Saw |
| 11:37 | Research | Bow Saw |
| 11:52 | Create | Villager (Male) |
| 11:52 | Create | Villager (Male) |
| 11:55 | Create | Villager (Male) |
| 12:11 | Create | Villager (Male) |
| 12:17 | Research | Heavy Plow |
| 12:18 | Create | Villager (Male) |
| 12:18 | Create | Villager (Male) |
| 12:33 | Create | Villager (Male) |
| 12:37 | Build | Farm |
| 12:42 | Build | Farm |
| 12:45 | Build | Farm |
| 12:50 | Create | Villager (Male) |
| 12:50 | Create | Villager (Male) |
| 12:56 | Create | Villager (Male) |
| 12:56 | Create | Villager (Male) |
| 12:59 | Build | Farm |
| 13:01 | Build | Farm |
| 13:08 | Build | Farm |
| 13:11 | Create | Villager (Male) |
| 13:11 | Create | Villager (Male) |
| 13:16 | Build | Farm |
| 13:23 | Create | Villager (Male) |
| 13:23 | Create | Villager (Male) |
| 13:39 | Create | Villager (Male) |
| 13:39 | Create | Villager (Male) |
| 13:41 | Build | Farm |
| 13:49 | Create | Villager (Male) |
| 13:49 | Create | Villager (Male) |
| 13:53 | Build | Farm |
| 14:05 | Build | Farm |
| 14:07 | Build | Farm |
| 14:09 | Create | Villager (Male) |
| 14:09 | Create | Villager (Male) |
| 14:13 | Build | Farm |
| 14:17 | Build | Farm |
| 14:22 | Create | Villager (Male) |
| 14:27 | Build | Farm |
| 14:31 | Create | Villager (Male) |
| 14:31 | Create | Villager (Male) |
| 14:38 | Create | Villager (Male) |
| 14:38 | Create | Villager (Male) |
| 14:42 | Build | Farm |
| 14:45 | Build | Farm |
| 14:49 | Create | Villager (Male) |
| 14:49 | Create | Villager (Male) |
| 14:49 | Create | Villager (Male) |
| 14:51 | Create | Villager (Male) |
| 15:04 | Create | Villager (Male) |
| 15:05 | Create | Villager (Male) |
| 15:14 | Build | Monastery |
| 15:17 | Create | Villager (Male) |
| 15:17 | Create | Villager (Male) |
| 15:19 | Build | Farm |
| 15:21 | Create | Villager (Male) |
| 15:28 | Build | Farm |
| 15:30 | Create | Villager (Male) |
| 15:35 | Build | Farm |
| 16:06 | Create | Monk |
| 16:14 | Create | Villager (Male) |
| 16:14 | Create | Villager (Male) |
| 16:14 | Create | Villager (Male) |
| 16:14 | Create | Villager (Male) |
| 16:15 | Create | Villager (Male) |
| 16:17 | Build | House |
| 16:18 | Build | House |
| 16:19 | Build | House |
| 16:20 | Create | Villager (Male) |
| 16:20 | Create | Villager (Male) |
| 16:22 | Build | House |
| 16:24 | Build | House |
| 16:27 | Create | Villager (Male) |
| 16:28 | Create | Villager (Male) |
| 16:28 | Create | Villager (Male) |
| 16:32 | Build | Lumber Camp |
| 16:36 | Create | Villager (Male) |
| 16:37 | Build | Farm |
| 16:40 | Build | Farm |
| 16:44 | Research | Wheelbarrow |
| 16:48 | Research | Town Watch |
| 17:11 | Create | Villager (Male) |
| 17:11 | Create | Villager (Male) |
| 17:11 | Create | Villager (Male) |
| 17:21 | Build | Mill |
| 17:21 | Build | Farm |
| 17:22 | Build | Farm |
| 17:22 | Build | Farm |
| 17:22 | Build | Farm |
| 17:22 | Build | Farm |
| 17:23 | Build | Farm |
| 17:23 | Build | Farm |
| 17:23 | Build | Farm |
| 17:35 | Build | Farm |
| 17:40 | Build | House |
| 17:41 | Build | House |
| 17:43 | Create | Villager (Male) |
| 17:43 | Create | Villager (Male) |
| 17:44 | Create | Villager (Male) |
| 17:44 | Create | Villager (Male) |
| 17:44 | Create | Villager (Male) |
| 17:52 | Build | Farm |
| 17:54 | Build | Farm |
| 17:58 | Build | Farm |
| 18:27 | Research | Hand Cart |
| 18:29 | Create | Villager (Male) |
| 18:29 | Create | Villager (Male) |
| 18:29 | Create | Villager (Male) |
| 18:29 | Create | Villager (Male) |
| 18:45 | Build | Lumber Camp |
| 18:49 | Research | Loom |
| 18:53 | Build | House |
| 18:55 | Build | House |
| 18:55 | Build | House |
| 18:59 | Create | Villager (Male) |
| 18:59 | Create | Villager (Male) |
| 19:16 | Build | Mining Camp |
| 19:17 | Create | Villager (Male) |
Build order — Niroxs
First 150 of 460 actions detected
| 0:04 | Build | Lumber Camp |
| 0:05 | Create | Villager (Male) |
| 0:05 | Create | Villager (Male) |
| 0:05 | Create | Villager (Male) |
| 0:06 | Create | Villager (Male) |
| 0:21 | Create | Villager (Male) |
| 0:35 | Build | Mill |
| 0:42 | Create | Villager (Male) |
| 0:43 | Create | Villager (Male) |
| 1:04 | Create | Villager (Male) |
| 1:44 | Create | Villager (Male) |
| 1:44 | Create | Villager (Male) |
| 2:10 | Create | Villager (Male) |
| 2:39 | Create | Villager (Male) |
| 3:52 | Create | Villager (Male) |
| 3:53 | Create | Villager (Male) |
| 3:55 | Create | Villager (Male) |
| 4:16 | Create | Villager (Male) |
| 4:25 | Build | Mining Camp |
| 4:47 | Create | Villager (Male) |
| 5:03 | Build | Farm |
| 5:19 | Research | Feudal Age |
| 5:19 | Research | Feudal Age |
| 5:32 | Build | Farm |
| 7:05 | Create | Villager (Male) |
| 7:05 | Create | Villager (Male) |
| 7:40 | Age | Feudal Age |
| 7:42 | Build | Market |
| 7:46 | Build | Blacksmith |
| 7:48 | Build | Palisade Wall |
| 7:54 | Create | Villager (Male) |
| 8:37 | Research | Castle Age |
| 8:37 | Research | Castle Age |
| 9:29 | Research | Double-Bit Axe |
| 9:32 | Research | Horse Collar |
| 11:17 | Age | Castle Age |
| 11:20 | Build | Town Center |
| 11:25 | Build | Town Center |
| 11:32 | Create | Villager (Male) |
| 11:33 | Create | Villager (Male) |
| 11:43 | Create | Leitis |
| 12:13 | Build | Monastery |
| 12:31 | Create | Villager (Male) |
| 12:37 | Research | Bow Saw |
| 12:49 | Create | Villager (Male) |
| 12:49 | Create | Villager (Male) |
| 12:54 | Create | Villager (Male) |
| 12:54 | Create | Villager (Male) |
| 12:54 | Create | Villager (Male) |
| 12:57 | Build | Farm |
| 13:01 | Build | Farm |
| 13:02 | Create | Monk |
| 13:22 | Create | Villager (Male) |
| 13:23 | Create | Villager (Male) |
| 13:23 | Create | Villager (Male) |
| 13:23 | Create | Villager (Male) |
| 13:26 | Build | Farm |
| 13:28 | Build | Farm |
| 13:30 | Build | Farm |
| 13:35 | Build | Farm |
| 13:37 | Build | Farm |
| 13:43 | Build | Farm |
| 13:43 | Create | Villager (Male) |
| 13:58 | Create | Monk |
| 14:18 | Create | Villager (Male) |
| 14:18 | Create | Villager (Male) |
| 14:21 | Build | Farm |
| 14:24 | Build | Farm |
| 14:24 | Build | Farm |
| 14:24 | Build | Farm |
| 14:25 | Build | Farm |
| 14:26 | Build | Farm |
| 14:31 | Create | Villager (Male) |
| 14:31 | Create | Villager (Male) |
| 14:35 | Build | Farm |
| 14:44 | Create | Villager (Male) |
| 14:44 | Create | Villager (Male) |
| 14:48 | Build | Farm |
| 14:52 | Build | Farm |
| 14:55 | Create | Villager (Male) |
| 15:01 | Build | Farm |
| 15:03 | Build | Farm |
| 15:19 | Create | Villager (Male) |
| 15:19 | Create | Villager (Male) |
| 15:19 | Create | Villager (Male) |
| 15:21 | Create | Monk |
| 15:40 | Build | Farm |
| 15:44 | Build | Farm |
| 15:46 | Build | Farm |
| 15:49 | Build | Lumber Camp |
| 15:52 | Create | Villager (Male) |
| 15:52 | Create | Villager (Male) |
| 15:52 | Create | Villager (Male) |
| 16:00 | Build | Farm |
| 16:03 | Build | Farm |
| 16:06 | Build | House |
| 16:07 | Build | House |
| 16:08 | Build | House |
| 16:24 | Create | Villager (Male) |
| 16:25 | Create | Villager (Male) |
| 16:31 | Create | Leitis |
| 16:34 | Create | Villager (Male) |
| 16:34 | Create | Villager (Male) |
| 16:39 | Build | Farm |
| 16:40 | Build | Farm |
| 16:41 | Build | Farm |
| 16:43 | Create | Villager (Male) |
| 16:43 | Create | Villager (Male) |
| 16:46 | Build | Farm |
| 16:48 | Build | Farm |
| 16:50 | Build | Farm |
| 16:51 | Create | Villager (Male) |
| 16:52 | Create | Villager (Male) |
| 17:03 | Create | Villager (Male) |
| 17:03 | Create | Villager (Male) |
| 17:03 | Create | Villager (Male) |
| 17:10 | Build | House |
| 17:11 | Build | House |
| 17:37 | Create | Villager (Male) |
| 17:37 | Create | Villager (Male) |
| 17:38 | Create | Villager (Male) |
| 17:49 | Create | Villager (Male) |
| 17:49 | Create | Villager (Male) |
| 17:49 | Create | Villager (Male) |
| 18:02 | Build | Town Center |
| 18:11 | Build | House |
| 18:11 | Build | House |
| 18:13 | Build | House |
| 18:28 | Create | Villager (Male) |
| 18:28 | Create | Villager (Male) |
| 18:28 | Create | Villager (Male) |
| 18:28 | Create | Villager (Male) |
| 18:39 | Create | Villager (Male) |
| 18:40 | Create | Villager (Male) |
| 18:40 | Create | Villager (Male) |
| 18:50 | Build | Farm |
| 18:51 | Build | Farm |
| 18:56 | Build | Farm |
| 19:04 | Build | Farm |
| 19:08 | Build | Farm |
| 19:20 | Create | Villager (Male) |
| 19:20 | Create | Villager (Male) |
| 19:20 | Create | Villager (Male) |
| 19:24 | Build | Farm |
| 19:28 | Build | Farm |
| 19:31 | Build | Farm |
| 19:33 | Create | Villager (Male) |
| 19:33 | Create | Villager (Male) |
| 19:57 | Build | House |
| 19:58 | Build | House |
Build order — Peter_Pahn
First 150 of 435 actions detected
| 0:03 | Create | Villager (Male) |
| 0:03 | Create | Villager (Male) |
| 0:05 | Build | Mill |
| 0:09 | Build | Lumber Camp |
| 0:15 | Create | Villager (Male) |
| 0:30 | Create | Villager (Male) |
| 0:30 | Create | Villager (Male) |
| 1:10 | Create | Villager (Male) |
| 1:49 | Create | Villager (Male) |
| 2:17 | Create | Villager (Male) |
| 2:17 | Create | Villager (Male) |
| 2:28 | Create | Villager (Male) |
| 2:28 | Create | Villager (Male) |
| 2:46 | Create | Villager (Male) |
| 2:48 | Build | Lumber Camp |
| 3:16 | Create | Villager (Male) |
| 3:23 | Create | Villager (Male) |
| 3:31 | Create | Villager (Male) |
| 3:58 | Create | Villager (Male) |
| 4:23 | Build | Farm |
| 4:26 | Build | Farm |
| 4:32 | Create | Villager (Male) |
| 4:49 | Build | Farm |
| 5:09 | Build | Farm |
| 5:37 | Research | Feudal Age |
| 5:46 | Build | Mining Camp |
| 6:15 | Create | Villager (Male) |
| 6:15 | Create | Villager (Male) |
| 8:03 | Age | Feudal Age |
| 8:09 | Build | Market |
| 8:12 | Build | Blacksmith |
| 8:51 | Research | Horse Collar |
| 8:53 | Research | Castle Age |
| 8:54 | Research | Castle Age |
| 9:11 | Research | Double-Bit Axe |
| 9:12 | Research | Double-Bit Axe |
| 10:06 | Create | Villager (Male) |
| 11:33 | Age | Castle Age |
| 11:37 | Build | Town Center |
| 11:38 | Create | Villager (Male) |
| 11:47 | Build | Town Center |
| 12:00 | Research | Bow Saw |
| 12:00 | Research | Heavy Plow |
| 12:05 | Create | Villager (Male) |
| 12:14 | Create | Villager (Male) |
| 12:26 | Build | Farm |
| 12:35 | Create | Villager (Male) |
| 13:01 | Build | Farm |
| 13:05 | Build | Farm |
| 13:06 | Create | Villager (Male) |
| 13:09 | Create | Villager (Male) |
| 13:11 | Create | Villager (Male) |
| 13:16 | Create | Villager (Male) |
| 13:22 | Build | Town Center |
| 13:31 | Build | Town Center |
| 13:33 | Create | Villager (Male) |
| 13:36 | Create | Villager (Male) |
| 13:39 | Build | Farm |
| 13:42 | Create | Villager (Male) |
| 13:45 | Build | Farm |
| 13:51 | Build | Farm |
| 13:53 | Create | Villager (Male) |
| 13:58 | Build | Farm |
| 14:01 | Build | Farm |
| 14:01 | Create | Villager (Male) |
| 14:11 | Build | Farm |
| 14:12 | Create | Villager (Male) |
| 14:12 | Create | Villager (Male) |
| 14:21 | Build | Palisade Wall |
| 14:22 | Build | Palisade Wall |
| 14:23 | Build | Palisade Wall |
| 14:25 | Build | Palisade Wall |
| 14:31 | Create | Villager (Male) |
| 14:33 | Build | Farm |
| 14:42 | Research | Loom |
| 14:43 | Create | Villager (Male) |
| 14:43 | Create | Villager (Male) |
| 14:48 | Create | Villager (Male) |
| 15:00 | Create | Villager (Male) |
| 15:07 | Create | Villager (Male) |
| 15:19 | Create | Villager (Male) |
| 15:27 | Create | Villager (Male) |
| 15:36 | Create | Villager (Male) |
| 15:36 | Create | Villager (Male) |
| 15:38 | Build | Farm |
| 15:43 | Build | Farm |
| 15:45 | Build | Farm |
| 15:48 | Build | Farm |
| 15:48 | Create | Villager (Male) |
| 15:49 | Create | Villager (Male) |
| 15:50 | Build | Farm |
| 15:53 | Build | House |
| 15:55 | Build | Farm |
| 15:57 | Build | Farm |
| 15:57 | Create | Villager (Male) |
| 15:57 | Create | Villager (Male) |
| 16:00 | Build | Farm |
| 16:01 | Create | Villager (Male) |
| 16:01 | Create | Villager (Male) |
| 16:04 | Build | Farm |
| 16:09 | Create | Villager (Male) |
| 16:09 | Create | Villager (Male) |
| 16:17 | Build | Farm |
| 16:17 | Create | Villager (Male) |
| 16:21 | Build | Farm |
| 16:24 | Create | Villager (Male) |
| 16:24 | Create | Villager (Male) |
| 16:38 | Build | House |
| 16:39 | Create | Villager (Male) |
| 16:39 | Create | Villager (Male) |
| 16:42 | Create | Villager (Male) |
| 16:44 | Build | Farm |
| 16:46 | Build | Farm |
| 16:46 | Create | Villager (Male) |
| 16:47 | Create | Villager (Male) |
| 16:48 | Create | Villager (Male) |
| 16:48 | Create | Villager (Male) |
| 16:56 | Create | Villager (Male) |
| 16:56 | Create | Villager (Male) |
| 16:59 | Create | Villager (Male) |
| 16:59 | Create | Villager (Male) |
| 17:07 | Build | Farm |
| 17:08 | Create | Villager (Male) |
| 17:08 | Create | Villager (Male) |
| 17:10 | Build | Farm |
| 17:14 | Create | Villager (Male) |
| 17:19 | Create | Villager (Male) |
| 17:26 | Create | Villager (Male) |
| 17:26 | Create | Villager (Male) |
| 17:28 | Create | Villager (Male) |
| 17:28 | Create | Villager (Male) |
| 17:32 | Build | Farm |
| 17:34 | Build | Farm |
| 17:34 | Create | Villager (Male) |
| 17:35 | Create | Villager (Male) |
| 17:36 | Build | Farm |
| 17:39 | Create | Villager (Male) |
| 17:42 | Create | Villager (Male) |
| 17:51 | Create | Villager (Male) |
| 17:51 | Create | Villager (Male) |
| 17:55 | Create | Villager (Male) |
| 17:55 | Create | Villager (Male) |
| 18:05 | Research | Wheelbarrow |
| 18:07 | Research | Town Watch |
| 18:07 | Create | Villager (Male) |
| 18:08 | Create | Villager (Male) |
| 18:16 | Build | Town Center |
| 18:17 | Create | Villager (Male) |
| 18:18 | Create | Villager (Male) |
| 18:20 | Build | House |
Build order — Emperor in a Bucket
First 150 of 371 actions detected
| 0:01 | Create | Villager (Male) |
| 0:01 | Create | Villager (Male) |
| 0:03 | Build | Lumber Camp |
| 0:07 | Build | Mill |
| 0:12 | Create | Villager (Male) |
| 0:12 | Create | Villager (Male) |
| 1:21 | Create | Villager (Male) |
| 1:38 | Create | Villager (Male) |
| 2:21 | Create | Villager (Male) |
| 2:34 | Create | Villager (Male) |
| 2:41 | Create | Villager (Male) |
| 2:45 | Create | Villager (Male) |
| 3:00 | Build | Mining Camp |
| 3:02 | Create | Villager (Male) |
| 3:24 | Create | Villager (Male) |
| 3:49 | Build | Farm |
| 3:51 | Build | Farm |
| 4:41 | Build | Farm |
| 4:56 | Research | Feudal Age |
| 5:36 | Create | Villager (Male) |
| 5:37 | Create | Villager (Male) |
| 7:11 | Age | Feudal Age |
| 7:13 | Build | Market |
| 7:16 | Build | Blacksmith |
| 7:20 | Build | Market |
| 8:09 | Research | Castle Age |
| 8:39 | Research | Double-Bit Axe |
| 9:56 | Research | Horse Collar |
| 10:49 | Age | Castle Age |
| 10:50 | Create | Villager (Male) |
| 10:53 | Build | Town Center |
| 11:10 | Build | Town Center |
| 11:19 | Create | Villager (Male) |
| 11:36 | Create | Villager (Male) |
| 11:42 | Build | Farm |
| 11:57 | Create | Villager (Male) |
| 12:16 | Create | Villager (Male) |
| 12:26 | Research | Bow Saw |
| 12:35 | Create | Villager (Male) |
| 12:35 | Create | Villager (Male) |
| 12:41 | Create | Villager (Male) |
| 12:42 | Create | Villager (Male) |
| 12:55 | Build | Farm |
| 13:02 | Build | Farm |
| 13:03 | Create | Villager (Male) |
| 13:09 | Create | Villager (Male) |
| 13:09 | Create | Villager (Male) |
| 13:15 | Build | Farm |
| 13:22 | Build | Farm |
| 13:24 | Create | Villager (Male) |
| 13:27 | Create | Villager (Male) |
| 13:29 | Build | Farm |
| 13:34 | Build | Farm |
| 13:36 | Create | Villager (Male) |
| 13:42 | Build | Farm |
| 13:51 | Build | Farm |
| 13:52 | Create | Villager (Male) |
| 14:06 | Create | Villager (Male) |
| 14:08 | Build | Farm |
| 14:12 | Build | Farm |
| 14:17 | Build | Farm |
| 14:18 | Create | Villager (Male) |
| 14:39 | Create | Villager (Male) |
| 14:39 | Create | Villager (Male) |
| 14:42 | Create | Villager (Male) |
| 14:42 | Create | Villager (Male) |
| 14:46 | Build | Monastery |
| 14:48 | Create | Villager (Male) |
| 14:49 | Create | Villager (Male) |
| 15:00 | Build | Farm |
| 15:06 | Build | Farm |
| 15:08 | Build | Farm |
| 15:08 | Create | Villager (Male) |
| 15:11 | Build | Farm |
| 15:13 | Create | Villager (Male) |
| 15:16 | Build | Farm |
| 15:26 | Create | Villager (Male) |
| 15:35 | Create | Monk |
| 15:40 | Build | Farm |
| 15:42 | Build | Farm |
| 15:42 | Create | Villager (Male) |
| 15:44 | Create | Villager (Male) |
| 15:55 | Create | Villager (Male) |
| 16:00 | Build | Farm |
| 16:01 | Create | Villager (Male) |
| 16:06 | Build | University |
| 16:07 | Build | House |
| 16:09 | Build | House |
| 16:20 | Research | Wheelbarrow |
| 16:25 | Research | Fervor |
| 16:52 | Create | Villager (Male) |
| 16:54 | Create | Villager (Male) |
| 16:54 | Create | Villager (Male) |
| 17:03 | Create | Villager (Male) |
| 17:04 | Create | Villager (Male) |
| 17:07 | Build | Farm |
| 17:08 | Build | Farm |
| 17:14 | Build | Farm |
| 17:16 | Build | Farm |
| 17:17 | Create | Villager (Male) |
| 17:17 | Create | Villager (Male) |
| 17:28 | Create | Villager (Male) |
| 17:30 | Create | Villager (Male) |
| 17:45 | Create | Villager (Male) |
| 17:47 | Build | House |
| 17:49 | Build | Farm |
| 17:50 | Build | Farm |
| 17:56 | Research | Hand Cart |
| 18:03 | Build | House |
| 18:04 | Build | House |
| 18:04 | Build | House |
| 18:28 | Create | Villager (Male) |
| 18:43 | Create | Villager (Male) |
| 18:43 | Create | Villager (Male) |
| 18:47 | Create | Villager (Male) |
| 18:51 | Build | Farm |
| 18:51 | Build | Farm |
| 18:53 | Build | Farm |
| 18:53 | Build | Farm |
| 18:54 | Create | Villager (Male) |
| 19:03 | Build | Barracks |
| 19:05 | Build | Barracks |
| 19:07 | Create | Villager (Male) |
| 19:09 | Build | Lumber Camp |
| 19:10 | Create | Villager (Male) |
| 19:11 | Research | Loom |
| 19:15 | Build | Mining Camp |
| 19:20 | Build | Town Center |
| 19:22 | Create | Villager (Male) |
| 19:30 | Create | Villager (Male) |
| 19:36 | Create | Villager (Male) |
| 19:36 | Create | Villager (Male) |
| 19:54 | Create | Villager (Male) |
| 20:05 | Create | Villager (Male) |
| 20:12 | Create | Villager (Male) |
| 20:15 | Create | Villager (Male) |
| 20:33 | Create | Villager (Male) |
| 20:40 | Research | Imperial Age |
| 21:04 | Create | Villager (Male) |
| 21:11 | Create | Villager (Male) |
| 21:11 | Create | Villager (Male) |
| 21:38 | Create | Villager (Male) |
| 21:42 | Create | Villager (Male) |
| 21:44 | Create | Villager (Male) |
| 21:47 | Create | Villager (Male) |
| 21:50 | Research | Pikeman (upgrade) |
| 21:51 | Research | Squires |
| 21:51 | Create | Spearman |
| 21:51 | Create | Spearman |
| 21:52 | Research | Scale Mail Armor |
Build order — Storm
First 150 of 303 actions detected
| 0:02 | Create | Villager (Male) |
| 0:02 | Create | Villager (Male) |
| 0:08 | Build | Lumber Camp |
| 0:15 | Create | Villager (Male) |
| 0:16 | Create | Villager (Male) |
| 0:35 | Build | Mill |
| 0:56 | Create | Villager (Male) |
| 1:31 | Research | Double-Bit Axe |
| 1:35 | Create | Villager (Male) |
| 1:35 | Create | Villager (Male) |
| 1:54 | Create | Villager (Male) |
| 2:22 | Create | Villager (Male) |
| 2:49 | Create | Villager (Male) |
| 2:55 | Research | Horse Collar |
| 3:25 | Build | Farm |
| 3:37 | Create | Villager (Male) |
| 3:38 | Create | Villager (Male) |
| 3:53 | Build | Farm |
| 4:31 | Build | Mining Camp |
| 4:34 | Create | Villager (Male) |
| 5:01 | Create | Villager (Male) |
| 5:04 | Build | Farm |
| 5:13 | Create | Villager (Male) |
| 5:13 | Create | Villager (Male) |
| 5:21 | Build | Farm |
| 5:36 | Build | Farm |
| 5:50 | Research | Feudal Age |
| 6:22 | Create | Villager (Male) |
| 6:22 | Create | Villager (Male) |
| 8:02 | Age | Feudal Age |
| 8:06 | Build | Market |
| 8:14 | Build | Blacksmith |
| 9:05 | Research | Castle Age |
| 9:42 | Research | Heavy Plow |
| 10:03 | Research | Bow Saw |
| 10:18 | Research | Gold Mining |
| 11:05 | Create | Villager (Male) |
| 11:05 | Create | Villager (Male) |
| 11:45 | Age | Castle Age |
| 11:47 | Build | Town Center |
| 11:50 | Create | Villager (Male) |
| 11:51 | Create | Villager (Male) |
| 11:55 | Build | Town Center |
| 12:04 | Create | Villager (Male) |
| 12:18 | Create | Villager (Male) |
| 12:35 | Research | Wheelbarrow |
| 12:42 | Create | Villager (Male) |
| 12:58 | Create | Villager (Male) |
| 12:58 | Create | Villager (Male) |
| 12:59 | Create | Villager (Male) |
| 12:59 | Create | Villager (Male) |
| 13:00 | Create | Villager (Male) |
| 13:00 | Create | Villager (Male) |
| 13:01 | Create | Villager (Male) |
| 13:12 | Create | Villager (Male) |
| 13:28 | Build | Monastery |
| 13:29 | Create | Villager (Male) |
| 13:32 | Create | Villager (Male) |
| 13:33 | Create | Villager (Male) |
| 13:51 | Create | Villager (Male) |
| 14:04 | Build | Farm |
| 14:06 | Build | Farm |
| 14:09 | Build | Farm |
| 14:10 | Create | Villager (Male) |
| 14:15 | Create | Monk |
| 14:18 | Create | Monk |
| 14:22 | Create | Villager (Male) |
| 14:26 | Build | Farm |
| 14:44 | Create | Villager (Male) |
| 14:49 | Build | Farm |
| 14:55 | Build | Farm |
| 14:58 | Build | Farm |
| 14:59 | Create | Villager (Male) |
| 15:07 | Build | Farm |
| 15:09 | Build | Farm |
| 15:11 | Create | Villager (Male) |
| 15:11 | Create | Villager (Male) |
| 15:13 | Create | Monk |
| 15:25 | Build | Farm |
| 15:26 | Build | Farm |
| 15:27 | Build | Farm |
| 15:29 | Create | Villager (Male) |
| 15:41 | Create | Villager (Male) |
| 15:44 | Create | Villager (Male) |
| 15:54 | Create | Villager (Male) |
| 15:57 | Build | Farm |
| 16:00 | Build | Farm |
| 16:01 | Build | Farm |
| 16:04 | Build | Farm |
| 16:05 | Create | Villager (Male) |
| 16:11 | Build | Farm |
| 16:12 | Create | Villager (Male) |
| 16:24 | Create | Villager (Male) |
| 16:25 | Create | Villager (Male) |
| 16:41 | Create | Villager (Male) |
| 16:41 | Create | Villager (Male) |
| 16:45 | Build | Farm |
| 16:46 | Build | Farm |
| 16:50 | Build | Farm |
| 16:52 | Create | Villager (Male) |
| 17:01 | Create | Villager (Male) |
| 17:02 | Create | Villager (Male) |
| 17:07 | Research | Two-Man Saw |
| 17:10 | Build | House |
| 17:13 | Create | Villager (Male) |
| 17:16 | Build | House |
| 17:23 | Build | Farm |
| 17:36 | Research | Hand Cart |
| 17:38 | Create | Villager (Male) ×2 |
| 17:42 | Build | Farm |
| 17:50 | Create | Villager (Male) |
| 17:50 | Create | Villager (Male) |
| 18:01 | Create | Villager (Male) |
| 18:02 | Create | Villager (Male) |
| 18:11 | Create | Villager (Male) |
| 18:11 | Create | Villager (Male) |
| 18:14 | Build | House |
| 18:15 | Build | House |
| 18:15 | Build | House |
| 18:16 | Build | House |
| 18:17 | Build | House |
| 18:17 | Build | House |
| 18:18 | Build | House |
| 18:19 | Create | Villager (Male) |
| 18:20 | Create | Villager (Male) |
| 18:32 | Create | Villager (Male) |
| 18:33 | Create | Villager (Male) |
| 18:40 | Build | Farm |
| 18:42 | Build | Farm |
| 18:48 | Build | Farm |
| 18:53 | Create | Coustillier |
| 18:59 | Create | Villager (Male) |
| 19:03 | Build | Farm |
| 19:04 | Build | Farm |
| 19:05 | Build | Farm |
| 19:05 | Build | Farm |
| 19:08 | Build | Mill |
| 19:16 | Create | Villager (Male) |
| 19:26 | Create | Villager (Male) |
| 20:28 | Research | Imperial Age |
| 20:31 | Create | Villager (Male) |
| 20:31 | Create | Villager (Male) |
| 20:34 | Build | Archery Range |
| 20:35 | Build | Archery Range |
| 20:42 | Build | Siege Workshop |
| 20:45 | Build | Archery Range |
| 20:47 | Build | Archery Range |
| 20:52 | Build | Archery Range |
| 20:56 | Build | Archery Range |
| 20:58 | Create | Villager (Male) |
Build order — FolderOfDoom
First 150 of 372 actions detected
| 0:02 | Create | Villager (Male) |
| 0:02 | Create | Villager (Male) |
| 0:11 | Create | Villager (Male) |
| 0:12 | Create | Villager (Male) |
| 0:22 | Build | Mill |
| 0:27 | Build | Lumber Camp |
| 1:17 | Create | Villager (Male) |
| 1:38 | Create | Villager (Male) |
| 1:55 | Create | Villager (Male) |
| 2:35 | Create | Villager (Male) |
| 2:43 | Create | Villager (Male) |
| 3:10 | Create | Villager (Male) |
| 3:26 | Create | Villager (Male) |
| 3:55 | Create | Villager (Male) |
| 4:18 | Build | Farm |
| 4:29 | Build | Farm |
| 4:49 | Create | Villager (Male) |
| 4:51 | Build | Farm |
| 5:06 | Create | Villager (Male) |
| 5:12 | Create | Villager (Male) |
| 5:28 | Research | Loom |
| 5:36 | Build | Mining Camp |
| 6:07 | Research | Feudal Age |
| 8:52 | Age | Feudal Age |
| 8:54 | Build | Market |
| 9:00 | Build | Stable |
| 9:14 | Create | Villager (Male) |
| 9:30 | Research | Double-Bit Axe |
| 9:31 | Research | Horse Collar |
| 9:45 | Research | Castle Age |
| 10:33 | Create | Villager (Male) |
| 10:40 | Research | Bloodlines |
| 11:42 | Create | Villager (Male) |
| 11:53 | Build | Farm |
| 11:54 | Build | Farm |
| 12:08 | Build | Farm |
| 12:25 | Age | Castle Age |
| 12:32 | Build | Town Center |
| 12:37 | Build | Town Center |
| 12:54 | Create | Unit 1908 |
| 13:04 | Create | Villager (Male) |
| 13:11 | Research | Bow Saw |
| 13:24 | Create | Villager (Male) |
| 13:30 | Build | Farm |
| 13:31 | Build | Farm |
| 13:49 | Create | Villager (Male) |
| 13:54 | Build | Farm |
| 13:57 | Create | Villager (Male) |
| 13:57 | Create | Villager (Male) |
| 14:01 | Build | Farm |
| 14:07 | Create | Villager (Male) |
| 14:07 | Create | Villager (Male) |
| 14:12 | Build | Farm |
| 14:26 | Build | Farm |
| 14:27 | Create | Villager (Male) |
| 14:42 | Create | Villager (Male) |
| 14:42 | Create | Villager (Male) |
| 14:45 | Build | Farm |
| 14:47 | Build | Farm |
| 15:01 | Build | Monastery |
| 15:03 | Create | Villager (Male) |
| 15:06 | Build | Farm |
| 15:11 | Build | House |
| 15:14 | Create | Villager (Male) |
| 15:21 | Build | Farm |
| 15:25 | Build | Farm |
| 15:28 | Create | Villager (Male) |
| 15:29 | Create | Monk |
| 15:47 | Build | Farm |
| 15:49 | Build | Farm |
| 15:53 | Build | Farm |
| 15:54 | Create | Villager (Male) |
| 15:58 | Create | Villager (Male) |
| 16:01 | Build | Farm |
| 16:05 | Build | House |
| 16:07 | Create | Villager (Male) |
| 16:07 | Create | Villager (Male) |
| 16:20 | Build | Farm |
| 16:21 | Build | Farm |
| 16:23 | Create | Monk |
| 16:34 | Create | Scout Cavalry |
| 16:36 | Create | Villager (Male) |
| 16:37 | Create | Villager (Male) |
| 16:40 | Build | Farm |
| 16:45 | Build | Farm |
| 16:46 | Create | Villager (Male) |
| 16:56 | Create | Villager (Male) |
| 16:59 | Build | Farm |
| 17:00 | Create | Villager (Male) |
| 17:12 | Build | Lumber Camp |
| 17:13 | Create | Villager (Male) |
| 17:14 | Create | Villager (Male) |
| 17:28 | Build | Farm |
| 17:28 | Create | Villager (Male) |
| 17:29 | Create | Villager (Male) |
| 17:33 | Create | Villager (Male) |
| 17:45 | Create | Villager (Male) |
| 17:45 | Create | Villager (Male) |
| 17:45 | Create | Villager (Male) |
| 17:47 | Build | Farm |
| 17:53 | Create | Villager (Male) |
| 17:57 | Build | Farm |
| 18:07 | Build | House |
| 18:12 | Build | Farm |
| 18:13 | Create | Villager (Male) |
| 18:13 | Create | Villager (Male) |
| 18:35 | Create | Villager (Male) |
| 18:35 | Create | Villager (Male) |
| 18:36 | Create | Villager (Male) |
| 18:40 | Create | Villager (Male) |
| 18:54 | Build | Farm |
| 18:54 | Build | Farm |
| 18:55 | Create | Villager (Male) |
| 18:55 | Create | Villager (Male) |
| 19:02 | Build | House |
| 19:05 | Build | Farm |
| 19:07 | Build | Farm |
| 19:09 | Build | Farm |
| 19:14 | Create | Villager (Male) |
| 19:15 | Create | Villager (Male) |
| 19:15 | Create | Villager (Male) |
| 19:19 | Build | House |
| 19:20 | Build | House |
| 19:24 | Build | Lumber Camp |
| 19:25 | Create | Villager (Male) |
| 19:26 | Create | Villager (Male) |
| 19:41 | Build | Lumber Camp |
| 19:43 | Create | Villager (Male) |
| 19:56 | Create | Villager (Male) |
| 19:57 | Create | Villager (Male) |
| 20:07 | Build | Mining Camp |
| 20:09 | Create | Villager (Male) |
| 20:14 | Research | Wheelbarrow |
| 20:22 | Build | Farm |
| 20:27 | Build | Farm |
| 20:27 | Build | Farm |
| 20:28 | Build | Farm |
| 20:30 | Build | Farm |
| 20:32 | Create | Villager (Male) |
| 20:32 | Create | Villager (Male) |
| 20:41 | Build | Farm |
| 20:42 | Build | Farm |
| 20:46 | Create | Villager (Male) |
| 20:49 | Create | Villager (Male) |
| 21:01 | Create | Villager (Male) |
| 21:14 | Create | Villager (Male) |
| 21:15 | Create | Villager (Male) |
| 21:19 | Build | Farm |
| 21:20 | Build | Mill |
| 21:21 | Build | Farm |
Build order — OIDA | .#sILVER
First 150 of 528 actions detected
| 0:01 | Create | Villager (Male) |
| 0:01 | Create | Villager (Male) |
| 0:04 | Build | Lumber Camp |
| 0:07 | Build | Mill |
| 0:11 | Create | Villager (Male) |
| 0:19 | Create | Villager (Male) |
| 1:01 | Create | Villager (Male) |
| 1:01 | Create | Villager (Male) |
| 1:17 | Create | Villager (Male) |
| 1:38 | Create | Villager (Male) |
| 1:38 | Create | Villager (Male) |
| 2:18 | Create | Villager (Male) |
| 2:29 | Create | Villager (Male) |
| 2:51 | Create | Villager (Male) |
| 2:58 | Create | Villager (Male) |
| 2:59 | Build | Lumber Camp |
| 3:08 | Create | Villager (Male) |
| 3:20 | Create | Villager (Male) |
| 3:38 | Create | Villager (Male) |
| 4:12 | Create | Villager (Male) |
| 4:20 | Build | Farm |
| 4:22 | Build | Farm |
| 4:24 | Create | Villager (Male) |
| 4:32 | Build | Farm |
| 4:37 | Create | Villager (Male) |
| 5:16 | Build | Mining Camp |
| 5:28 | Research | Feudal Age |
| 6:06 | Create | Villager (Male) |
| 6:14 | Create | Villager (Male) |
| 6:25 | Create | Villager (Male) |
| 6:35 | Create | Villager (Male) |
| 6:37 | Build | Farm |
| 8:01 | Age | Feudal Age |
| 8:03 | Build | Market |
| 8:05 | Build | Blacksmith |
| 8:45 | Research | Horse Collar |
| 8:50 | Research | Castle Age |
| 9:07 | Research | Double-Bit Axe |
| 10:10 | Create | Villager (Male) |
| 10:22 | Create | Villager (Male) |
| 11:05 | Create | Villager (Male) |
| 11:24 | Create | Villager (Male) |
| 11:31 | Age | Castle Age |
| 11:33 | Build | Town Center |
| 11:36 | Build | Town Center |
| 11:37 | Research | Heavy Plow |
| 11:38 | Research | Bow Saw |
| 11:40 | Create | Villager (Male) |
| 11:46 | Build | Farm |
| 11:51 | Create | Villager (Male) |
| 11:57 | Build | Farm |
| 12:06 | Create | Villager (Male) |
| 12:17 | Create | Villager (Male) |
| 12:19 | Build | Farm |
| 12:32 | Build | Farm |
| 12:46 | Create | Villager (Male) |
| 12:48 | Build | Farm |
| 12:51 | Create | Villager (Male) |
| 12:56 | Build | Farm |
| 13:01 | Create | Villager (Male) |
| 13:08 | Build | Farm |
| 13:12 | Create | Villager (Male) |
| 13:13 | Create | Villager (Male) |
| 13:16 | Create | Villager (Male) |
| 13:26 | Build | Farm |
| 13:30 | Create | Villager (Male) |
| 13:31 | Create | Villager (Male) |
| 13:31 | Create | Villager (Male) |
| 13:36 | Build | Farm |
| 13:50 | Create | Villager (Male) |
| 13:59 | Create | Villager (Male) |
| 14:14 | Build | Town Center |
| 14:16 | Create | Villager (Male) |
| 14:16 | Create | Villager (Male) |
| 14:18 | Build | Farm |
| 14:26 | Create | Villager (Male) |
| 14:30 | Build | Farm |
| 14:30 | Build | Farm |
| 14:38 | Create | Villager (Male) |
| 14:41 | Build | Farm |
| 14:51 | Create | Villager (Male) |
| 14:53 | Build | Farm |
| 14:55 | Build | Farm |
| 15:03 | Build | Farm |
| 15:05 | Build | Farm |
| 15:09 | Create | Villager (Male) |
| 15:11 | Build | Farm |
| 15:18 | Create | Villager (Male) |
| 15:18 | Create | Villager (Male) |
| 15:26 | Build | Farm |
| 15:28 | Create | Villager (Male) |
| 15:30 | Build | Farm |
| 15:34 | Create | Villager (Male) |
| 15:38 | Build | Farm |
| 15:39 | Build | Farm |
| 15:42 | Create | Villager (Male) |
| 15:49 | Build | Farm |
| 15:51 | Create | Villager (Male) |
| 15:56 | Build | Farm |
| 16:01 | Create | Villager (Male) |
| 16:01 | Create | Villager (Male) |
| 16:10 | Create | Villager (Male) |
| 16:13 | Create | Villager (Male) |
| 16:22 | Create | Villager (Male) |
| 16:25 | Create | Villager (Male) |
| 16:28 | Build | Town Center |
| 16:30 | Create | Villager (Male) |
| 16:31 | Build | Farm |
| 16:36 | Create | Villager (Male) |
| 16:41 | Build | House |
| 16:43 | Build | House |
| 16:45 | Create | Villager (Male) |
| 16:47 | Research | Wheelbarrow |
| 16:48 | Research | Wheelbarrow |
| 16:50 | Build | Farm |
| 16:52 | Create | Villager (Male) |
| 16:52 | Create | Villager (Male) |
| 16:59 | Create | Villager (Male) |
| 17:01 | Build | Farm |
| 17:04 | Build | Farm |
| 17:06 | Create | Villager (Male) |
| 17:06 | Create | Villager (Male) |
| 17:09 | Build | Farm |
| 17:13 | Create | Villager (Male) |
| 17:16 | Build | House |
| 17:24 | Create | Villager (Male) |
| 17:24 | Create | Villager (Male) |
| 17:26 | Build | Farm |
| 17:27 | Build | Farm |
| 17:30 | Create | Villager (Male) |
| 17:33 | Create | Villager (Male) |
| 17:34 | Build | Farm |
| 17:37 | Create | Villager (Male) |
| 17:42 | Create | Villager (Male) |
| 17:50 | Build | Farm |
| 17:50 | Build | Farm |
| 17:51 | Create | Villager (Male) |
| 17:58 | Build | Farm |
| 17:59 | Create | Villager (Male) |
| 18:02 | Create | Villager (Male) |
| 18:04 | Build | House |
| 18:05 | Create | Villager (Male) |
| 18:05 | Create | Villager (Male) |
| 18:11 | Build | Farm |
| 18:12 | Build | Farm |
| 18:13 | Create | Villager (Male) |
| 18:13 | Create | Villager (Male) |
| 18:19 | Create | Villager (Male) |
| 18:19 | Create | Villager (Male) |
| 18:26 | Create | Villager (Male) |
Build order — _redy
First 150 of 452 actions detected
| 0:21 | Create | Villager (Male) |
| 0:22 | Create | Villager (Male) |
| 0:26 | Build | Mill |
| 0:30 | Build | Lumber Camp |
| 0:37 | Create | Villager (Male) |
| 0:53 | Create | Villager (Male) |
| 1:57 | Create | Villager (Male) |
| 1:57 | Create | Villager (Male) |
| 1:57 | Create | Villager (Male) |
| 2:00 | Create | Villager (Male) |
| 2:00 | Create | Villager (Male) |
| 2:43 | Create | Villager (Male) |
| 2:43 | Create | Villager (Male) |
| 3:51 | Build | Mining Camp |
| 3:55 | Create | Villager (Male) |
| 4:40 | Create | Villager (Male) |
| 4:40 | Create | Villager (Male) |
| 5:01 | Build | Farm |
| 5:18 | Research | Feudal Age |
| 5:41 | Build | Farm |
| 6:06 | Create | Villager (Male) |
| 6:50 | Build | Farm |
| 7:40 | Age | Feudal Age |
| 7:56 | Build | Market |
| 8:02 | Build | Blacksmith |
| 8:06 | Create | Villager (Male) |
| 8:10 | Build | Farm |
| 8:36 | Research | Castle Age |
| 9:13 | Research | Double-Bit Axe |
| 9:32 | Research | Horse Collar |
| 9:32 | Research | Horse Collar |
| 10:57 | Create | Villager (Male) |
| 11:16 | Age | Castle Age |
| 11:20 | Build | Town Center |
| 11:40 | Build | Town Center |
| 11:41 | Create | Villager (Male) |
| 11:46 | Create | Villager (Male) |
| 11:46 | Create | Villager (Male) |
| 12:09 | Research | Bow Saw |
| 12:10 | Research | Bow Saw |
| 12:29 | Research | Heavy Plow |
| 12:30 | Create | Villager (Male) |
| 12:30 | Create | Villager (Male) |
| 12:33 | Build | Farm |
| 13:01 | Create | Villager (Male) |
| 13:01 | Create | Villager (Male) |
| 13:03 | Build | Farm |
| 13:06 | Create | Villager (Male) |
| 13:06 | Create | Villager (Male) |
| 13:10 | Build | Farm |
| 13:12 | Build | Farm |
| 13:14 | Build | Farm |
| 13:16 | Create | Villager (Male) |
| 13:17 | Build | Farm |
| 13:20 | Build | Farm |
| 13:32 | Create | Villager (Male) |
| 13:32 | Create | Villager (Male) |
| 13:37 | Build | Farm |
| 13:40 | Build | Farm |
| 13:44 | Build | Farm |
| 13:46 | Create | Villager (Male) |
| 13:51 | Build | Farm |
| 13:55 | Build | Farm |
| 13:59 | Create | Villager (Male) |
| 14:04 | Create | Villager (Male) |
| 14:07 | Build | Farm |
| 14:08 | Build | Farm |
| 14:09 | Build | Farm |
| 14:11 | Create | Villager (Male) |
| 14:12 | Create | Villager (Male) |
| 14:40 | Create | Villager (Male) |
| 14:41 | Create | Villager (Male) |
| 14:48 | Build | Farm |
| 14:50 | Build | Farm |
| 14:52 | Create | Villager (Male) |
| 14:58 | Create | Villager (Male) |
| 14:58 | Create | Villager (Male) |
| 15:08 | Create | Villager (Male) |
| 15:08 | Create | Villager (Male) |
| 15:13 | Create | Villager (Male) |
| 15:14 | Build | Farm |
| 15:17 | Build | Farm |
| 15:18 | Build | Farm |
| 15:35 | Research | Wheelbarrow |
| 15:38 | Build | Farm |
| 15:40 | Build | Farm |
| 15:42 | Build | Farm |
| 15:52 | Create | Villager (Male) |
| 15:52 | Create | Villager (Male) |
| 15:52 | Create | Villager (Male) |
| 16:05 | Build | House |
| 16:05 | Build | House |
| 16:16 | Create | Villager (Male) |
| 16:16 | Create | Villager (Male) |
| 16:16 | Create | Villager (Male) |
| 16:20 | Build | Farm |
| 16:48 | Create | Villager (Male) |
| 16:49 | Create | Villager (Male) |
| 16:49 | Create | Villager (Male) |
| 16:49 | Create | Villager (Male) |
| 16:49 | Create | Villager (Male) |
| 17:00 | Build | Lumber Camp |
| 17:12 | Build | Town Center |
| 17:15 | Research | Loom |
| 17:15 | Create | Villager (Male) |
| 17:16 | Create | Villager (Male) |
| 17:18 | Build | Farm |
| 17:21 | Build | Farm |
| 17:23 | Build | Farm |
| 17:24 | Create | Villager (Male) |
| 17:30 | Create | Villager (Male) |
| 17:31 | Create | Villager (Male) |
| 17:42 | Build | House |
| 17:42 | Build | House |
| 17:44 | Create | Villager (Male) |
| 17:45 | Create | Villager (Male) |
| 17:51 | Build | Farm |
| 17:52 | Create | Villager (Male) |
| 17:52 | Create | Villager (Male) |
| 18:03 | Build | Farm |
| 18:14 | Build | Farm |
| 18:17 | Build | Farm |
| 18:18 | Build | Farm |
| 18:21 | Build | Farm |
| 18:22 | Create | Villager (Male) |
| 18:24 | Build | Farm |
| 18:27 | Build | Farm |
| 18:27 | Create | Villager (Male) |
| 18:28 | Create | Villager (Male) |
| 18:31 | Create | Villager (Male) |
| 18:31 | Create | Villager (Male) |
| 18:32 | Create | Villager (Male) |
| 18:33 | Create | Villager (Male) |
| 18:45 | Create | Villager (Male) |
| 18:45 | Create | Villager (Male) |
| 18:49 | Research | Gold Mining |
| 18:53 | Research | Stone Mining |
| 19:05 | Build | House |
| 19:09 | Build | House |
| 19:13 | Build | House |
| 19:13 | Build | House |
| 19:21 | Create | Villager (Male) |
| 19:21 | Create | Villager (Male) |
| 19:29 | Build | Lumber Camp |
| 19:34 | Create | Villager (Male) |
| 19:47 | Research | Town Watch |
| 19:48 | Create | Villager (Male) |
| 19:48 | Create | Villager (Male) |
| 19:53 | Build | Outpost |
| 19:54 | Build | Outpost |
Match timeline
| 7:11 | Emperor in a Bucket · age_up feudal |
| 7:12 | Bodkin Arrow · age_up feudal |
| 7:40 | Niroxs · age_up feudal |
| 7:40 | _redy · age_up feudal |
| 7:48 | Niroxs · wall_segment Palisade Wall x1 |
| 8:01 | OIDA | .#sILVER · age_up feudal |
| 8:02 | Storm · age_up feudal |
| 8:03 | Peter_Pahn · age_up feudal |
| 8:06 | Emperor in a Bucket · first_market_buy 100 food |
| 8:07 | Emperor in a Bucket · first_market_sell 100 wood |
| 8:52 | FolderOfDoom · age_up feudal |
| 9:00 | FolderOfDoom · first_building Stable |
| 10:43 | Bodkin Arrow · age_up castle |
| 10:49 | Emperor in a Bucket · age_up castle |
| 11:00 | OIDA | .#sILVER · first_market_buy 100 wood |
| 11:16 | _redy · age_up castle |
| 11:17 | Niroxs · age_up castle |
| 11:31 | OIDA | .#sILVER · age_up castle |
| 11:33 | Peter_Pahn · age_up castle |
| 11:45 | Storm · age_up castle |
| 11:49 | Storm · first_market_buy 100 food |
| 12:13 | Niroxs · first_building Monastery |
| 12:15 | FolderOfDoom · first_market_buy 100 wood |
| 12:18 | FolderOfDoom · first_market_sell 100 food |
| 12:25 | FolderOfDoom · age_up castle |
| 12:26 | _redy · first_market_buy 100 wood |
| 13:15 | Peter_Pahn · first_market_buy 100 stone |
| 13:28 | Storm · first_building Monastery |
| 14:21 | Peter_Pahn · wall_segment Palisade Wall x1 |
| 14:22 | Peter_Pahn · wall_segment Palisade Wall x1 |
| 14:23 | Peter_Pahn · wall_segment Palisade Wall x1 |
| 14:25 | Peter_Pahn · wall_segment Palisade Wall x1 |
| 14:35 | Bodkin Arrow · first_market_buy 100 food |
| 14:46 | Emperor in a Bucket · first_building Monastery |
| 15:01 | FolderOfDoom · first_building Monastery |
| 15:14 | Bodkin Arrow · first_building Monastery |
| 17:56 | Niroxs · first_market_buy 100 stone |
| 18:45 | Niroxs · first_market_sell 100 wood |
| 19:03 | Emperor in a Bucket · first_building Barracks |
| 20:12 | Storm · first_market_sell 100 food |
| 20:34 | Storm · first_building Archery Range |
| 20:35 | Bodkin Arrow · first_market_sell 500 food |
| 20:39 | _redy · first_building Barracks |
| 20:41 | Bodkin Arrow · first_building Archery Range |
| 20:42 | Storm · first_building Siege Workshop |
| 21:02 | Peter_Pahn · first_market_sell 100 wood |
| 21:08 | OIDA | .#sILVER · first_market_sell 100 food |
| 21:24 | _redy · first_building Stable |
| 22:02 | Peter_Pahn · first_building Castle |
| 22:04 | Emperor in a Bucket · first_building Siege Workshop |
| 22:31 | Emperor in a Bucket · wall_segment Stone Wall x5 |
| 22:32 | OIDA | .#sILVER · first_building Castle |
| 22:39 | OIDA | .#sILVER · first_building Stable |
| 22:51 | Bodkin Arrow · wall_segment Stone Wall x14 |
| 22:53 | FolderOfDoom · first_building Castle |
| 23:27 | Niroxs · age_up imperial |
| 23:38 | Storm · age_up imperial |
| 23:44 | Niroxs · first_building Castle |
| 23:46 | _redy · age_up imperial |
| 23:46 | Bodkin Arrow · first_building Siege Workshop |
| 23:50 | Emperor in a Bucket · age_up imperial |
| 23:55 | Peter_Pahn · wall_segment Stone Wall x5 |
| 24:01 | Bodkin Arrow · wall_segment Stone Wall x6 |
| 24:13 | Peter_Pahn · age_up imperial |
| 24:15 | Bodkin Arrow · wall_segment Stone Wall x10 |
| 24:15 | _redy · first_building Castle |
| 24:16 | FolderOfDoom · first_building Barracks |
| 24:29 | OIDA | .#sILVER · age_up imperial |
| 24:34 | Bodkin Arrow · age_up imperial |
| 24:45 | Storm · first_building Castle |
| 25:00 | Bodkin Arrow · wall_segment Stone Wall x5 |
| 25:03 | Storm · wall_segment Stone Wall x18 |
| 25:08 | _redy · wall_segment Stone Wall x14 |
| 25:09 | _redy · wall_segment Stone Wall x1 |
| 25:33 | Storm · wall_segment Stone Wall x12 |
| 25:35 | Storm · wall_segment Stone Wall x6 |
| 25:55 | FolderOfDoom · first_building Siege Workshop |
| 26:16 | _redy · first_market_sell 100 stone |
| 26:25 | FolderOfDoom · age_up imperial |
| 26:29 | Bodkin Arrow · wall_segment Stone Wall x27 |
| 26:52 | Peter_Pahn · wall_segment Stone Wall x10 |
| 27:42 | Niroxs · first_building Barracks |
| 28:17 | Niroxs · first_building Stable |
| 29:17 | Niroxs · first_building Siege Workshop |
| 29:48 | OIDA | .#sILVER · wall_segment Stone Wall x53 |
| 29:58 | Storm · wall_segment Stone Wall x3 |
| 30:00 | Storm · wall_segment Stone Wall x11 |
| 30:01 | Emperor in a Bucket · wall_segment Stone Wall x2 |
| 30:06 | Emperor in a Bucket · wall_segment Stone Wall x4 |
| 31:25 | _redy · wall_segment Palisade Wall x1 |
| 33:40 | FolderOfDoom · tribute_sent a jugador 1 |
| 33:40 | FolderOfDoom · tribute_sent a jugador 2 |
| 33:40 | FolderOfDoom · tribute_sent a jugador 3 |
| 33:40 | FolderOfDoom · tribute_sent a jugador 4 |
| 33:40 | FolderOfDoom · tribute_sent a jugador 5 |
| 33:40 | FolderOfDoom · tribute_sent a jugador 7 |
| 33:40 | FolderOfDoom · tribute_sent a jugador 8 |
| 34:18 | Peter_Pahn · first_building Barracks |
| 34:45 | Peter_Pahn · wall_segment Stone Wall x6 |
| 34:54 | Bodkin Arrow · tribute_sent a jugador 1 |
| 34:54 | Bodkin Arrow · tribute_sent a jugador 3 |
| 34:54 | Bodkin Arrow · tribute_sent a jugador 4 |
| 34:54 | Bodkin Arrow · tribute_sent a jugador 5 |
| 34:54 | Bodkin Arrow · tribute_sent a jugador 6 |
| 34:54 | Bodkin Arrow · tribute_sent a jugador 7 |
| 34:54 | Bodkin Arrow · tribute_sent a jugador 8 |
| 35:00 | OIDA | .#sILVER · tribute_sent a jugador 1 |
| 35:00 | OIDA | .#sILVER · tribute_sent a jugador 2 |
| 35:00 | OIDA | .#sILVER · tribute_sent a jugador 3 |
| 35:00 | OIDA | .#sILVER · tribute_sent a jugador 4 |
| 35:00 | OIDA | .#sILVER · tribute_sent a jugador 5 |
| 35:00 | OIDA | .#sILVER · tribute_sent a jugador 6 |
| 35:00 | OIDA | .#sILVER · tribute_sent a jugador 8 |
| 35:05 | Emperor in a Bucket · first_building Castle |
| 35:51 | Bodkin Arrow · first_building Castle |
| 35:56 | FolderOfDoom · tribute_sent a jugador 1 |
| 35:56 | FolderOfDoom · tribute_sent a jugador 2 |
| 35:56 | FolderOfDoom · tribute_sent a jugador 3 |
| 35:56 | FolderOfDoom · tribute_sent a jugador 4 |
| 35:56 | FolderOfDoom · tribute_sent a jugador 5 |
| 35:56 | FolderOfDoom · tribute_sent a jugador 7 |
| 35:56 | FolderOfDoom · tribute_sent a jugador 8 |
| 35:59 | _redy · wall_segment Palisade Wall x1 |
| 37:05 | Bodkin Arrow · tribute_sent a jugador 1 |
| 37:05 | Bodkin Arrow · tribute_sent a jugador 3 |
| 37:05 | Bodkin Arrow · tribute_sent a jugador 4 |
| 37:05 | Bodkin Arrow · tribute_sent a jugador 5 |
| 37:05 | Bodkin Arrow · tribute_sent a jugador 6 |
| 37:05 | Bodkin Arrow · tribute_sent a jugador 7 |
| 37:05 | Bodkin Arrow · tribute_sent a jugador 8 |
| 37:46 | Emperor in a Bucket · resign |
[ AI ANALYSIS · 1 CREDIT ]
What really happened in this match?
Wolo.gg analyzes every decision: build order, eco, micro, common mistakes by bracket. Personalized analysis on WhatsApp or Discord in 30 seconds.
Civ guide
Shu
Map guide
Fortress
Perfil
Jugador #224528